 Dungeon Sprint DCSS version 0.27.1 (webtiles) character file.

Game seed: 15963537061629936589

322 styxcanada the Unseen (level 6, -1/33 HPs)
             Began as a Spriggan Brigand on Sept 5, 2021.
             Was an Initiate of Gozag.
             Slain by a sky beast (6 damage)
             ... in the Dungeon (Sprint VII: "The Pits").
             The game lasted 00:06:00 (664 turns).

styxcanada the Unseen (Spriggan Brigand)             Turns: 664, Time: 00:06:02

Health: -1/33      AC:  3    Str:  7    XL:     6   Next: 22%
Magic:  7/7        EV: 21    Int: 12    God:    Gozag
Gold:   801        SH:  0    Dex: 19    Spells: 5/5 levels left

rFire    . . .     SeeInvis +   a - +2 dagger
rCold    . . .     Faith    .   (shield restricted)
rNeg     . . .     Spirit   .   b - +0 robe
rPois    .         Reflect  .   (helmet restricted)
rElec    .         Harm     .   c - +0 cloak
rCorr    .         Rampage  .   (gloves unavailable)
Will     +....     NoTele   +   (boots unavailable)
Stlth    ++++++....             (no amulet)
HPRegen  0.11/turn              (no ring)
MPRegen  0.10/turn              (no ring)

@: on berserk cooldown, slowed, quick
A: very small, no large weapons, unfitting armour, see invisible, speed 3
a: Renounce Religion, Potion Petition, Call Merchant, Bribe Branch


You were in the Dungeon.
You worshipped Gozag.
Gozag was pleased with you.
You visited 1 branch You collected 801 gold pieces.

Inventory:

Hand Weapons
 a - a +2 dagger (weapon)
 n - a +1 long sword of flaming
 o - a +0 dagger of draining
Missiles
 e - 2 curare-tipped darts (quivered)
 m - 9 stones
Armour
 b - a +0 robe (worn)
 c - a +0 cloak (worn)
Scrolls
 k - a scroll of blinking
Potions
 f - 6 potions of curing
 g - 5 potions of heal wounds
 h - a potion of haste
 i - 4 potions of magic
 j - a potion of berserk rage
 l - 2 potions of invisibility


   Skills:
 * Level 4.1 Fighting
 + Level 4.1 Short Blades
 + Level 5.0 Throwing
 * Level 6.0 Dodging
 * Level 15.3 Stealth


You had 5 spell levels left.
You didn't know any spells.
Your spell library was empty.

Dungeon Overview and Level Annotations

Branches:
Dungeon (1/1)

Altars:
Ashenzari
Cheibriados
Dithmenos
Elyvilon
Fedhas
Gozag
Hepliaklqana
Kikubaaqudgha
Makhleb
Nemelex Xobeh
Okawaru
Qazlal
Ru
Sif Muna
Trog
Uskayaw
Vehumet
Wu Jian
Xom
Yredelemnul
Zin
The Shining One
Beogh
Jiyva
Lugonu


Innate Abilities, Weirdness & Mutations

You are very small and have problems with some larger weapons.
You are too small for most types of armour.
You have supernaturally acute eyesight. (SInv)
You cover ground extremely quickly. (Speed+++)


Message History

You barely miss the sky beast.
The sky beast is moderately wounded.
The sky beast completely misses you.
The orc priest is distracted by your dazzling golden aura.
The sky beast hits you but does no damage.
The orc priest shouts!
You hit the sky beast.
The sky beast is moderately wounded.
The orc priest is no longer distracted by gold.
The sky beast completely misses you.
You closely miss the sky beast.
The sky beast is moderately wounded.
The sky beast closely misses you.
You hit the sky beast but do no damage.
The sky beast is moderately wounded.
The sky beast hits you. The sky beast shocks you.
You hit the sky beast.
The sky beast is heavily wounded.
The sky beast closely misses you.
You hit the sky beast.
The sky beast is heavily wounded.
The sky beast barely misses you. x2
You hit the sky beast but do no damage.
The sky beast is heavily wounded.
The orc priest mumbles some strange prayers to Beogh against you.
Beogh smites you!
* * * LOW HITPOINT WARNING * * *
The sky beast hits you but does no damage.
You hit the sky beast but do no damage.
The sky beast is heavily wounded.
The sky beast closely misses you.
The sky beast flickers out of sight for a moment.
Items here: $ )) [.
You now have enough gold to fund merchants seeking to open stores in the dungeon.
You now have 801 gold pieces (gained 207).
The sky beast hits you.
* * * LOW HITPOINT WARNING * * *
The sky beast shocks you.
You die...
Your body crumbles into a pile of gold.

############
#_________.#
#_________.#
#_______...###########++
##########'##...........
#.?..')))'.##......#..#.
##########.##...........
#((..oY@$...'..)).......
#(#####'#####......#..#.
#.#..#..#..##...........
#.#..'))#))#####'#####++
#o#..####.)##.......#
#(#..#..#.)##.......#
#o#..#..#[[##.......#
#.##'#..#'###...<...#
#.#........##.......#


You could see a sky beast and an orc priest.

Vanquished Creatures
  Sigmund (D)
  A black bear (D)
  An orc priest (D)
  3 gnolls (D)
  An ufetubus (D)
  2 orcs (D)
  2 ball pythons (D)
  An endoplasm (D)
  A giant cockroach (D)
  A goblin (D)
  A quokka (D)
15 creatures vanquished.

Notes
Turn   | Place    | Note
-------+----------+-------------------------------------------
     0 | D        | styxcanada the Spriggan Brigand began the quest for the
                  | Orb.
     0 | D        | Reached XP level 1. HP: 10/10 MP: 2/2
    12 | D        | Reached skill level 6 in Stealth
    14 | D        | Found a bloodstained altar of Trog.
    14 | D        | Found a shimmering blue altar of Sif Muna.
    14 | D        | Found a viscous altar of Jiyva.
    14 | D        | Found a hazy altar of Hepliaklqana.
    14 | D        | Found an opulent altar of Gozag.
    15 | D        | Found a glowing golden altar of the Shining One.
    15 | D        | Found a glowing silver altar of Zin.
    15 | D        | Found a basalt altar of Yredelemnul.
    15 | D        | Found a shimmering altar of Xom.
    15 | D        | Found an ornate altar of the Wu Jian Council.
    15 | D        | Found a sacrificial altar of Ru.
    15 | D        | Found a stormy altar of Qazlal.
    15 | D        | Found an iron altar of Okawaru.
    15 | D        | Found a sparkling altar of Nemelex Xobeh.
    15 | D        | Found a burning altar of Makhleb.
    15 | D        | Found a blossoming altar of Fedhas.
    15 | D        | Found a white marble altar of Elyvilon.
    15 | D        | Found a shadowy altar of Dithmenos.
    15 | D        | Found a snail-covered altar of Cheibriados.
    16 | D        | Found a radiant altar of Vehumet.
    16 | D        | Found a corrupted altar of Lugonu.
    17 | D        | Found an ancient bone altar of Kikubaaqudgha.
    17 | D        | Found a hide-covered altar of Uskayaw.
    17 | D        | Found a broken altar of Ashenzari.
    19 | D        | Became a worshipper of Gozag Ym Sagoz the Greedy
    48 | D        | Reached skill level 8 in Stealth
    48 | D        | Reached XP level 2. HP: 15/15 MP: 3/3
    49 | D        | Reached skill level 9 in Stealth
   103 | D        | Reached XP level 3. HP: 7/18 MP: 4/4
   116 | D        | Reached skill level 10 in Stealth
   311 | D        | Noticed Sigmund
   356 | D        | Killed Sigmund
   357 | D        | Reached skill level 5 in Dodging
   357 | D        | Reached skill level 14 in Stealth
   357 | D        | Reached XP level 4. HP: 25/25 MP: 5/5
   357 | D        | Reached XP level 5. HP: 28/28 MP: 6/6
   589 | D        | Noticed a black bear
   639 | D        | Killed a black bear
   640 | D        | Reached skill level 5 in Throwing
   640 | D        | Reached skill level 15 in Stealth
   640 | D        | Reached XP level 6. HP: 33/33 MP: 7/7
   640 | D        | Noticed a sky beast
   664 | D        | Slain by a sky beast

Illustrated notes

Levels and vault maps discovered:
D:        pitsprint [storerooms_1, entrance_room_1, metal_vault_4, armoury_2,
          mini_pit_1, grid_room_1, main_hall_1, silver_pit, the_coven_3,
          the_vestibule_1, steel_vault_4, golden_pit, hallway_of_sentries,
          crystal_vault_3, iron_vault_4, final_vault]

Skill      XL: |  1  2  3  4  5 |
---------------+----------------+-----
Stealth        | 8 9 14 15 | 15.3
Fighting       | 2 3 4 |  4.1
Dodging        | 2 5 6 |  6.0
Short Blades   | 3 4 |  4.1
Throwing       | 4 5 |  5.0

Action                   |  1- 3 |  4- 6 || total
-------------------------+-------+-------++-------
Melee: Dagger            |    17 |    25 ||    42
Throw: Dart              |    19 |     7 ||    26
       Stone             |     1 |     1 ||     2
  Use: Potion            |     1 |     2 ||     3
 Stab: Sleeping          |     3 |       ||     3
Armor: Robe              |     3 |     4 ||     7
Dodge: Dodged            |    35 |    19 ||    54
